 Dungeon Crawl Stone Soup version 0.31-a0-1626-g5cb510d322 (webtiles) character file.

Game seed: 3764783946565123719

200 zenocrate the Sneak (level 5, -9/25 HPs)
             Began as a Vine Stalker Enchanter on Jan 12, 2024.
             Mangled by Edmund
             ... wielding a +2 flail of protection
              (11 damage)
             ... on level 4 of the Dungeon.
             The game lasted 00:04:58 (2697 turns).

zenocrate the Sneak (Vine Stalker Enchanter)        Turns: 2697, Time: 00:04:58

Health: -9/25      AC:  4    Str:  9    XL:     5   Next: 78%
Magic:  0/9        EV: 12    Int: 15    God:
Gold:   100        SH:  0    Dex: 20    Spells: 3/8 levels left

rFire   . . .        a - +1 dagger
rCold   . . .        (no shield)
rNeg    . . .        i - +0 leather armour of the Constellations {+Inv rPois Str-2 Dex+4}
rPois   +            (no helmet)
rElec   .            (no cloak)
rCorr   .            (no gloves)
SInv    .            r - +0 pair of boots
Will    .....        (no amulet)
Stlth   +++          (no ring)
HPRegen 1.04/turn    (no ring)
MPRegen 0.11/turn

%: guardian spirit
@: invisible
A: fangs 2, regeneration 1, magic shield, antimagic bite, no potion heal 2
a: Evoke Invisibility


You were on level 4 of the Dungeon.
You visited 1 branch of the dungeon, and saw 4 of its levels.
You also visited: Sewer.

You collected 100 gold pieces.

Inventory:

Hand Weapons
 a - a +1 dagger (weapon)
 b - a +0 rapier
Missiles
 m - 11 poisoned darts (quivered)
Armour
 g - a +0 robe
 i - the +0 leather armour of the Constellations (worn) {+Inv rPois Str-2 Dex+4}
   (You found it on level 2 of the Dungeon)

   Str-2:     It affects your strength (-2).
   Dex+4:     It affects your dexterity (+4).
   rPois:     It protects you from poison +Inv: It lets you turn invisible.
 j - the +1 leather armour of Midwinter {^Contam Int+6}
   (You found it on level 2 of the Dungeon)

   Int+6:     It affects your intelligence (+6).
   ^Contam:   It causes magical contamination when unequipped.
 r - a +0 pair of boots (worn)
Wands
 s - a wand of polymorph (8)
Scrolls
 d - 2 scrolls of teleportation
 f - a scroll of enchant weapon {unknown}
 k - a scroll of poison {unknown}
 n - 3 scrolls of enchant armour {unknown}
 u - a scroll of noise {unknown}
 v - a scroll of blinking {unknown}
 w - a scroll of immolation {unknown}
 x - a scroll of fear {unknown}
 y - a scroll of amnesia {unknown}
Potions
 c - a potion of invisibility
 e - a potion of heal wounds
 h - a potion of enlightenment
 l - 2 potions of curing
 o - 2 potions of degeneration {unknown}
 p - a potion of haste {unknown}
 q - a potion of resistance {unknown}


   Skills:
 - Level 0.5 Fighting
 * Level 2.8 Short Blades
 + Level 2.4 Dodging
 + Level 4.6 Stealth
 - Level 2.1 Spellcasting
 + Level 3.7 Hexes
 + Level 1.6 Ice Magic


You had 3 spell levels left.
You knew the following spells:

 Your Spells              Type           Power      Damage    Failure   Level
a - Ensorcelled Hibernat  Hex/Ice        18%        N/A       16%         2
b - Confusing Touch       Hex            12%        N/A       21%         3

Your spell library contained the following spells:

 Spells                   Type           Power      Damage    Failure   Level
 Tukima's Dance           Hex            12%        N/A       21%         3
 Dazzling Flash           Conj/Hex       14%        N/A       41%         3


Dungeon Overview and Level Annotations

Branches:
Dungeon (4/15)              Sewer (visited)
 Temple: D:4-7

Altars:
Makhleb
Okawaru

Annotations:
D:4 Edmund


Innate Abilities, Weirdness & Mutations

You have extremely sharp teeth.
Your natural rate of healing is unusually fast.
When hurt, damage is shared between your health and your magic reserves.
Your bite disrupts and absorbs the magic of your enemies.
Potions cannot restore your health.


Message History

h - a potion of enlightenment
As you read the scroll of identify, it crumbles to dust.
l - 2 potions of curing Welcome back to the Dungeon!
There is a collapsed entrance here.
Okay, then.
You enter the shallow water.
Moving in this stuff is going to be slow.
There is a collapsed entrance here.
You enter the shallow water.
Moving in this stuff is going to be slow.
You now have 89 gold pieces (gained 15).
Found a quarterstaff.
No target in view!
You now have 100 gold pieces (gained 11).
You see here a +0 quarterstaff.
n - 3 scrolls labelled IRIOG NITODGHIF (gained 1)
You see here a +0 quarterstaff.
Edmund the Younger comes into view.
He is wielding a +2 flail of protection.
Okay, then.
The helpless Edmund fails to defend himself.
You puncture Edmund!
Edmund is moderately wounded.
Edmund says, "What use are spells, anyway?"
Edmund hits you with a +2 flail of protection!
Cast which spell? (? or * to list)
Aiming: Ensorcelled Hibernation (safe; 16% risk of failure)
Press: ? - help, Shift-Dir - straight line, f - Edmund
Aim: Edmund, wielding a +2 flail of protection and wearing a +0 chain mail (moderately wounded, chance to affect: 43%) Edmund resists with some effort.
Edmund hits you with a +2 flail of protection!
a - a +1 dagger (weapon)
Edmund hits you with a +2 flail of protection!
* * * LOW HITPOINT WARNING * * *
Unknown command.
Okay, then.
You fade into invisibility!
Edmund hits you with a +2 flail of protection!
You die...
Edmund says, "That'll show my brother!"

#...).............#
#.#####.#.........#
# #.#...~~~...#
#.#..~~~~~..#
#.#..~~.~~..#
#....~~~~~..#
#.....~~~...#
#.#####.#....÷....#
#...@@.$..........#
#.#.###.####.######
# ..# #÷# ######.##
.##......#
.........# ####
##.......# #...
#.......#####.##
#.#.......>.....


You could see Edmund (unable to see you).

Vanquished Creatures
  A hell rat (Sewer)
  5 river rats (Sewer)
  5 adders
  4 dart slugs
  A ribbon worm (D:2)
  An orc (D:3)
  3 endoplasms
  7 giant cockroaches
  7 goblins
  5 hobgoblins
  4 quokkas
  9 ball pythons
  8 bats
  3 frilled lizards
  5 kobolds
  12 rats
80 creatures vanquished.

Notes
Turn   | Place    | Note
-------+----------+-------------------------------------------
     0 | D:1      | zenocrate the Vine Stalker Enchanter began the quest for
                  | the Orb.
     0 | D:1      | Reached XP level 1. HP: 9/9 MP: 4/4
    48 | D:1      | Reached skill level 1 in Short Blades
   151 | D:1      | Reached XP level 2. HP: 13/13 MP: 6/6
   154 | D:1      | Learned a level 2 spell: Ensorcelled Hibernation
   439 | D:1      | Reached skill level 4 in Stealth
   439 | D:1      | Reached XP level 3. HP: 17/17 MP: 7/7
   443 | D:1      | Learned a level 3 spell: Confusing Touch
   847 | D:2      | Identified the +0 leather armour of the Constellations
                  | {+Inv rPois Str-2 Dex+4}
   849 | D:2      | Identified the +1 leather armour of Midwinter {^Contam
                  | Int+6}
   888 | D:2      | Found a faded altar of an unknown god.
  1651 | D:3      | Reached XP level 4. HP: 21/21 MP: 3/8
  1699 | D:3      | Found an iron altar of Okawaru.
  1785 | D:3      | Found a burning altar of Makhleb.
  1886 | D:3      | Reached skill level 1 in Ice Magic
  2374 | D:4      | Found a glowing drain.
  2394 | D:4      | Reached XP level 5. HP: 24/25 MP: 0/9
  2408 | Sewer    | Entered a sewer
  2653 | Sewer    | Upgraded the game from 0.31-a0-1620-gcbf77bbcfc to
                  | 0.31-a0-1626-g5cb510d322
  2691 | D:4      | Noticed Edmund
  2696 | D:4      | HP: 1/25 [Edmund/+2 flail of protection (10)]
  2697 | D:4      | Mangled by Edmund

Illustrated notes

Levels and vault maps discovered:
D:1:      matt_arrival_grand_opening, layout_rooms, dk_noncrumbling_2,
          st_stairs_7, chequers_serial_rivers_marsh, kennysheep_flooded_box,
          nrook_uturn
D:2:      layout_basic, shapermc_ecumenical_altar_petra, minmay_tromino_i2
D:3:      layout_basic, lemuel_crystal_altar, lemuel_crystal_altar,
          serial_glass, glass_columns_b, glass_columns_c,
          minmay_misc_feat_hallway
D:4:      cheibrodos_quashed, layout_basic, portal_sewer_entry_a, st_stairs_9,
          serial_library_regret_index_double_sided, corexii_shack, uniq_natasha,
          uniq_edmund

Skill      XL: |  1  2  3  4 |
---------------+-------------+-----
Short Blades   | 1 2 |  2.8
Stealth        | 4 |  4.6
Dodging        | 2 |  2.4
Ice Magic      | 1 |  1.6
Fighting       | |  0.5
Spellcasting   | |  2.1
Hexes          | |  3.7

Action                     |  1- 3 |  4- 6 || total
---------------------------+-------+-------++-------
  Melee: Dagger            |    63 |       ||    63
         Bite              |    16 |    11 ||    27
         Rapier            |    48 |    81 ||   129
   Cast: Ensorcelled Hiber |    10 |    11 ||    21
    Use: Scroll            |     1 |     3 ||     4
         Potion            |       |     2 ||     2
   Stab: Sleeping          |    12 |    18 ||    30
         Invisible         |       |     1 ||     1
 Armour: Robe              |    39 |       ||    39
         Leather armour    |    18 |    59 ||    77
  Dodge: Dodged            |    59 |    61 ||   120

Table legend: (Time is in decaauts)
 A = Elapsed time spent in this place.
 B = Non-inter-level travel time spent in this place.
 C = Inter-level travel time spent in this place.
 D = Time resting spent in this place.
 E = Time spent auto-exploring this place.
 F = Levels seen in this place.
 G = Mean time per level.
                   A        B        C        D        E       F      G
               +--------+--------+--------+--------+--------+-----+--------+
         Total |   2722 |   2630 |     92 |      0 |   1995 |   5 |  544.4 |
       Dungeon |   2453 |   2361 |     92 |      0 |   1807 |   4 |  613.2 |
         Sewer |    269 |    269 |      0 |      0 |    187 |   1 |  269.0 |
               +--------+--------+--------+--------+--------+-----+--------+

Top non-repeatable levels by time:
     D:2: 842 daAuts
     D:3: 773 daAuts
     D:1: 718 daAuts
   Sewer: 269 daAuts
     D:4: 118 daAuts
